 Dungeon Crawl Stone Soup version 0.28.0-53-g5a82cb258f (webtiles) character file.

Game seed: 17197532837264125155

343 spiderkeys the Ducker (level 6, -3/37 HPs)
             Began as a Deep Elf Abyssal Knight on June 10, 2022.
             Was a Priest of Lugonu.
             Slain by a scorpion (5 damage)
             ... on level 4 of the Dungeon.
             The game lasted 00:07:42 (5102 turns).

spiderkeys the Ducker (Deep Elf Abyssal Knight)     Turns: 5102, Time: 00:07:42

Health: -3/37      AC:  6    Str:  7 (10) XL:     6   Next: 31%
Magic:  13/13      EV: 11    Int: 17      God:    Lugonu [***...]
Gold:   179        SH:  0    Dex: 15      Spells: 10/12 levels left

rFire   . . .      SeeInvis .   c - +3 short sword (freeze)
rCold   . . .      Faith    .   (no shield)
rNeg    . . .      Spirit   .   h - +0 ring mail
rPois   .          Reflect  .   j - +0 helmet
rElec   .          Harm     .   (no cloak)
rCorr   .          Rampage  .   (no gloves)
Will    ++...                   (no boots)
Stlth   +.........              (no amulet)
HPRegen 0.12/turn               a - ring of willpower
MPRegen 0.13/turn               k - ring of willpower

@: lethally poisoned (-3 -> -10)
A: no striking features
a: Renounce Religion, Depart the Abyss, Bend Space, Banish


You were on level 4 of the Dungeon.
You worshipped Lugonu.
Lugonu was most pleased with you.
You visited 1 branch of the dungeon, and saw 4 of its levels.
You visited the Abyss 1 time.

You collected 179 gold pieces.


   Skills:
 + Level 3.5 Fighting
 - Level 2.0 Short Blades
 - Level 0.7 Armour
 + Level 4.2 Dodging
 + Level 3.5 Spellcasting
 + Level 2.4 Conjurations
 + Level 3.6 Invocations


You had 10 spell levels left.
You knew the following spells:

 Your Spells              Type           Power      Damage    Failure   Level
s - Static Discharge      Conj/Air       7%         N/A       45%         2

Your spell library contained the following spells:

 Spells                   Type           Power      Damage    Failure   Level
 Beastly Appendage        Tmut           6%         N/A       50%         1
 Wereblood                Tmut           3%         N/A       65%         2
 Mephitic Cloud           Conj/Pois/Air  5%         N/A       77%         3
 Ignite Poison            Fire/Tmut/Pois 3%         N/A       86%         3
 Spider Form              Tmut/Pois      3%         N/A       86%         3
 Freezing Cloud           Conj/Ice/Air   2%         6-21      100%        5
 Lightning Bolt           Conj/Air       3%         1d15      100%        5
 Maxwell's Capacitive Co  Air            1%         ∞         100%        8

Inventory:

Hand Weapons
 c - a +3 short sword of freezing (weapon)
   (You took it off a kobold on level 1 of the Dungeon)
 i - a +1 short sword of flaming
   (You took it off a kobold on level 1 of the Dungeon)
Missiles
 d - 104 stones
 e - 70 arrows
 l - a boomerang
 p - a throwing net {=f!f}
 q - 6 poisoned darts
Armour
 b - a +0 leather armour
 h - a +0 ring mail (worn)
   (You found it on level 1 of the Dungeon)
 j - a +0 helmet (worn)
   (You took it off Robin on level 2 of the Dungeon)
Jewellery
 a - a ring of willpower (left hand)
   (You found it on level 2 of the Dungeon)
 k - a ring of willpower (right hand)
   (You found it on level 2 of the Dungeon)
Wands
 s - a wand of iceblast (6)
   (You found it on level 4 of the Dungeon)
Scrolls
 f - a scroll of amnesia
 g - 2 scrolls of teleportation {@r4}
 m - a scroll of vulnerability {!r!r}
 r - a scroll of identify {@r1}
Potions
 n - a potion of resistance
 o - a potion of cancellation

Dungeon Overview and Level Annotations

Branches:
Dungeon (4/15)
 Temple: D:4-7

Altars:
Gozag
Kikubaaqudgha
Xom

Annotations:
D:2 Terence
D:3 Grinder
D:4 3 runed translucent doors, trickyswaf's ghost, amateur MiFi

#.# ##.#.## #.# ##.#.#.##
#.# ## ##.#.#.#)##
#.#####.#.##.#..##.#.##
#.....##.#.##.#..##.#.##
####...##.#.##.#..##.#.##
##.#.##.#.##..#.##.#.##
##.#.##s#.##[.#.##.#.##
##.#.##@#.##..#.##.#.#
##.#.##.#.#.#.##.#.##
##.#.##.#.#.##.#.##
##.#.##.#.##.#.##
##.#.##.##.#.##
##.#.###.#.## ##.#.#.#.##
##.#.#.## ##.#.##


You could see a scorpion.


Message History

The dart slug launches a dart at you. The slug dart misses you.
A dart slug is nearby!
You see here a scroll of teleportation {@r4}.
The dart slug launches a dart at you. The slug dart hits you. 😕 HP[-2]
You take 2 damage, and now have 35/37 hp.
You hit the dart slug. You freeze the dart slug.
The dart slug barely misses you.
You barely miss the dart slug. The dart slug closely misses you.
You hit the dart slug. You freeze the dart slug.
You kill the dart slug!
Lugonu accepts your kill.
You can now banish your foes.
An adder skeleton comes into view.
An adder skeleton is nearby!
An adder skeleton is nearby!
You hit the adder skeleton.
The adder skeleton bites you but does no damage.
You hit the adder skeleton.
The adder skeleton closely misses you. 😕 HP[+1]
You barely miss the adder skeleton. The adder skeleton barely misses you.
You puncture the adder skeleton!
You destroy the adder skeleton!
Lugonu accepts your kill.
No target in view!
No target in view!
s - a wand of iceblast (6) 😎 HP[+1]
Your hp is fully restored (37).
d - 104 stones (gained 20)
g - 2 scrolls of teleportation {@r4} (gained 1)
An adder skeleton comes into view.
An adder skeleton is nearby!
An adder skeleton is nearby!
The adder skeleton closely misses you.
You hit the adder skeleton.
The adder skeleton bites you but does no damage.
You barely miss the adder skeleton. The adder skeleton closely misses you.
You hit the adder skeleton. The adder skeleton bites you. 😕 HP[-1]
You take 1 damage, and now have 36/37 hp.
You hit the adder skeleton.
The adder skeleton bites you but does no damage.
You puncture the adder skeleton!
You destroy the adder skeleton!
Lugonu accepts your kill. 😎 HP[+1]
Your hp is fully restored (37).
No target in view!
No target in view!
A scorpion comes into view.
A scorpion is nearby!
A scorpion is nearby!
You hit the scorpion. You freeze the scorpion.
The scorpion stings you but does no damage.
You hit the scorpion. You freeze the scorpion. The scorpion barely misses you.
You hit the scorpion but do no damage. The scorpion stings you. 😕 HP[-6]
You take 6 damage, and now have 31/37 hp.
You hit the scorpion. You freeze the scorpion. The scorpion barely misses you.
The scorpion stings you but does no damage.
You barely miss the scorpion. The scorpion misses you.
You barely miss the scorpion. The scorpion stings you. 😮 HP[-6]
You take 6 damage, and now have 25/37 hp.
You are too injured to fight recklessly!
You are too injured to fight recklessly!
You are too injured to fight recklessly!
You hit the scorpion but do no damage.
The scorpion stings you but does no damage.
You hit the scorpion but do no damage.
The scorpion stings you but does no damage.
You hit the scorpion. You freeze the scorpion. The scorpion closely misses you.
The scorpion barely misses you.
You closely miss the scorpion. The scorpion stings you. 😮 HP[-5]
You take 5 damage, and now have 20/37 hp.
You completely miss the scorpion.
The scorpion stings you but does no damage.
You closely miss the scorpion. The scorpion stings you!
* * * LOW HITPOINT WARNING * * *
You are poisoned.
The scorpion poisons you! 😨 HP[-7]
You take 7 damage, and now have 13/37 hp.
You hit the scorpion but do no damage.
* * * LOW HITPOINT WARNING * * *
You feel very sick. The scorpion stings you.
* * * LOW HITPOINT WARNING * * *
😱 HP[-9]
You take 9 damage, and now have 4/37 hp.
MASSIVE DAMAGE!! (PAUSE) Drinking this now will have no effect.
You barely miss the scorpion.
* * * LOW HITPOINT WARNING * * *
You feel sick. The scorpion stings you.
You die...

Skill      XL: |  1  2  3  4  5 |
---------------+----------------+-----
Spellcasting   | 1 2 3 |  3.5
Dodging        | 3 4 |  4.2
Conjurations   | 1 2 |  2.4
Fighting       | 3 |  3.5
Invocations    | 3 |  3.6
Short Blades   | |  2.0
Armour         | |  0.7

Action                   |  1- 3 |  4- 6 || total
-------------------------+-------+-------++-------
Melee: Short sword       |   121 |   118 ||   239
       Punch             |       |     1 ||     1
Throw: Boomerang         |       |     3 ||     3
Invok: Bend Space        |       |     1 ||     1
  Use: Potion            |     5 |     3 ||     8
       Scroll            |     3 |     3 ||     6
Armor: Leather armour    |     8 |       ||     8
       Ring mail         |    35 |    38 ||    73
       Skin              |     7 |       ||     7
Dodge: Dodged            |    72 |    79 ||   151

Levels and vault maps discovered:
D:1:      minmay_arrival_arboretum_small, layout_basic,
          dreamdust_ecumenical_altar_angels_and_demons, minmay_ruptured
D:2:      layout_loops_ring, basic_altar, minmay_misc_feat_nine_boxes,
          uniq_terence, uniq_jessica, uniq_robin
D:3:      layout_basic, xom_redecorated, uniq_grinder
D:4:      minmay_inner_zag, layout_loops_ring, ebering_ghost_gozag

Notes
Turn   | Place    | Note
-------+----------+-------------------------------------------
     0 | Abyss:1  | spiderkeys the Deep Elf Abyssal Knight began the quest for
                  | the Orb.
     0 | Abyss:1  | Reached XP level 1. HP: 13/13 MP: 4/4
     0 | Abyss:1  | magus.rc [v1.11.3]
     8 | D:1      | You pass through the gate.
     8 | D:1      | Escaped the Abyss
   211 | D:1      | Reached skill level 1 in Spellcasting
   211 | D:1      | Reached XP level 2. HP: 14/18 MP: 5/5
   621 | D:1      | Reached ** piety under Lugonu
   741 | D:1      | Found a faded altar of an unknown god.
   796 | D:1      | Reached skill level 3 in Dodging
   811 | D:1      | Reached XP level 3. HP: 22/22 MP: 7/7
   854 | D:1      | You pick up a book of Lightning and begin reading...
   854 | D:1      | You add the spells Static Discharge, Lightning Bolt and
                  | Maxwell's Capacitive Coupling to your library.
   858 | D:1      | Learned a level 2 spell: Static Discharge
  1206 | D:2      | Found an ancient bone altar of Kikubaaqudgha.
  1439 | D:2      | Noticed Terence
  1874 | D:2      | You pick up a book of Changes and begin reading...
  1874 | D:2      | You add the spells Beastly Appendage, Wereblood and Spider
                  | Form to your library.
  1935 | D:2      | Reached skill level 2 in Spellcasting
  1976 | D:2      | Noticed Robin
  2000 | D:2      | Killed Robin
  2001 | D:2      | Reached XP level 4. HP: 12/27 MP: 9/9
  2224 | D:2      | Reached skill level 1 in Conjurations
  2244 | D:2      | Reached skill level 3 in Fighting
  2254 | D:2      | Noticed Jessica
  2257 | D:2      | Killed Jessica
  2632 | D:3      | Reached skill level 3 in Invocations
  3109 | D:3      | Reached XP level 5. HP: 18/32 MP: 9/11
  3557 | D:3      | Reached skill level 3 in Spellcasting
  3727 | D:3      | Found a shimmering altar of Xom.
  3728 | D:3      | Found a shimmering altar of Xom.
  3728 | D:3      | Found a shimmering altar of Xom.
  3728 | D:3      | Found a shimmering altar of Xom.
  3729 | D:3      | Found a shimmering altar of Xom.
  3729 | D:3      | Found a shimmering altar of Xom.
  3730 | D:3      | Found a shimmering altar of Xom.
  4044 | D:3      | Noticed Grinder
  4055 | D:3      | HP: 7/32 [Grinder (4)]
  4356 | D:3      | You add the spells Ignite Poison, Mephitic Cloud and
                  | Freezing Cloud to your library.
  4452 | D:4      | Reached skill level 4 in Dodging
  4452 | D:4      | Reached skill level 2 in Conjurations
  4616 | D:4      | Reached XP level 6. HP: 37/37 MP: 12/12
  4661 | D:4      | Found a runed translucent gate.
  4661 | D:4      | Found a runed translucent gate.
  4664 | D:4      | Found an opulent altar of Gozag.
  4664 | D:4      | Found a runed translucent gate.
  4665 | D:4      | Noticed an acid dragon
  4666 | D:4      | Noticed trickyswaf's ghost (amateur MiFi)
  5053 | D:4      | Reached *** piety under Lugonu
  5101 | D:4      | HP: 4/37 [scorpion (6)]
  5102 | D:4      | Slain by a scorpion

Vanquished Creatures
  A bullfrog (D:4)
  A scorpion (D:4)
  A howler monkey (D:3)
  An orc priest (D:3)
  Jessica (D:2)
  Robin (D:2)
  2 adders
  An ufetubus (D:4)
  2 adder skeletons (D:4)
  3 dart slugs
  8 orcs
  4 bats
  9 endoplasms
  2 giant cockroaches
  10 goblins
  4 hobgoblins
  3 jackals (D:1)
  3 quokkas
  4 ball pythons
  4 frilled lizards
  8 kobolds
  5 rats
78 creatures vanquished.

Table legend:
 A = Non-vault XP
 B = Vault XP
 C = Vault XP percentage of total XP
 D = Non-vault monster count
 E = Vault monster count
 F = Vault count percentage of total count
                 A         B        C        D         E       F
            +---------+---------+-------+---------+---------+-------
      Total |     409 |      81 |  16.5 |      62 |      16 |  20.5
            +---------+---------+-------+---------+---------+-------
        D:1 |      43 |       6 |  12.2 |      24 |       5 |  17.2
        D:2 |      46 |      64 |  58.2 |      19 |       8 |  29.6
        D:3 |     134 |       0 |   0.0 |      13 |       0 |   0.0
        D:4 |     186 |      11 |   5.6 |       6 |       3 |  33.3
            +---------+---------+-------+---------+---------+-------

Illustrated notes

Table legend:
 A = Kills in this place as a percentage of kills in entire the game.
 B = Kills by you in this place as a percentage of kills by you in the entire game.
 C = Kills by friends in this place as a percentage of kills by friends in the entire game.
 D = Other kills in this place as a percentage of other kills in the entire game.
 E = Experience gained in this place as a percentage of experience gained in the entire game.
 F = Experience gained in this place divided by the number of levels of this place that you have seen.
                   A       B       C       D       E      F
               +-------+-------+-------+-------+-------+----------------------
         Total | 100.0 | 100.0 |   N/A |   N/A | 100.0 |  98.0
       Dungeon | 100.0 | 100.0 |   N/A |   N/A | 100.0 | 122.5
               +-------+-------+-------+-------+-------+----------------------

Table legend: (Time is in decaauts)
 A = Elapsed time spent in this place.
 B = Non-inter-level travel time spent in this place.
 C = Inter-level travel time spent in this place.
 D = Time resting spent in this place.
 E = Time spent auto-exploring this place.
 F = Levels seen in this place.
 G = Mean time per level.
                   A        B        C        D        E       F      G
               +--------+--------+--------+--------+--------+-----+--------+
         Total |   5107 |   4928 |    179 |   1267 |   2886 |   5 | 1021.4 |
       Dungeon |   5099 |   4920 |    179 |   1267 |   2882 |   4 | 1274.8 |
         Abyss |      8 |      8 |      0 |      0 |      4 |   1 |    8.0 |
               +--------+--------+--------+--------+--------+-----+--------+

Top non-repeatable levels by time:
     D:1: 1665 daAuts
     D:3: 1427 daAuts
     D:2: 1319 daAuts
     D:4: 685 daAuts
 Abyss:1: 8 daAuts
